 Dungeon Crawl Stone Soup version 0.30-a0-177-g1cb5dbfd7a (webtiles) character file.

Game seed: 4564220547718207732

34 KennySheep the Cudgeller (level 3, 0/37 HPs)
             Began as an Ogre Gladiator on Oct 3, 2022.
             Was a Believer of Nemelex Xobeh.
             Slain by an adder (2 damage)
             ... on level 2 of the Dungeon.
             The game lasted 00:02:54 (875 turns).

KennySheep the Cudgeller (Ogre Gladiator)            Turns: 875, Time: 00:02:55

Health: 0/37       AC:  3    Str: 20    XL:     3   Next: 31%
Magic:  3/3        EV: 10    Int:  9    God:    Nemelex Xobeh [**....]
Gold:   44         SH:  0    Dex: 10    Spells: 2/2 levels left

rFire   . . .      SeeInvis .    a - +0 flail
rCold   . . .      Faith    .    (no shield)
rNeg    . . .      Spirit   .    b - +0 robe
rPois   .          Reflect  .    c - +0 hat
rElec   .          Harm     .    (no cloak)
rCorr   .          Rampage  .    (gloves unavailable)
Will    .....                    (boots unavailable)
Stlth   +.........               (no amulet)
HPRegen 0.26/turn                (no ring)
MPRegen 0.08/turn                (no ring)

@: mighty, lethally poisoned (0 -> -1)
A: large, unfitting armour, tough skin 1
a: Renounce Religion, Draw Escape, Draw Destruction, Draw Summoning


You were on level 2 of the Dungeon.
You worshipped Nemelex Xobeh.
Nemelex Xobeh was pleased with you.
You visited 1 branch of the dungeon, and saw 2 of its levels.

You collected 44 gold pieces.

Inventory:

Hand Weapons
 a - a +0 flail (weapon)
Missiles
 d - 3 throwing nets
 e - 10 large rocks (quivered)
Armour
 b - a +0 robe (worn)
 c - a +0 hat (worn)
Scrolls
 g - a scroll of teleportation {unknown}
 n - a scroll of vulnerability {unknown}
 o - a scroll of poison
 p - a scroll of magic mapping
 q - 2 scrolls of immolation
Potions
 f - a potion of resistance {unknown}
 i - a potion of invisibility {unknown}
 j - a potion of cancellation {unknown}
 l - a potion of haste {unknown}


   Skills:
 + Level 3.0 Fighting
 * Level 3.2 Maces & Flails
 * Level 2.5 Throwing
 + Level 2.9 Dodging
 + Level 0.5 Invocations


You had 2 spell levels left.
You didn't know any spells.
Your spell library was empty.

Dungeon Overview and Level Annotations

Branches:
Dungeon (2/15)

Altars:
Nemelex Xobeh


Innate Abilities, Weirdness & Mutations

You are too large for most types of armour.
You have tough skin. (AC +1)


Message History

The adder closely misses you. The adder bites you.
* * * LOW HITPOINT WARNING * * *
You feel better. The adder bites you but does no damage.
You miss the adder. The adder barely misses you.
You miss the adder. The adder barely misses you. The adder misses you.
You barely miss the adder. The adder bites you.
You are poisoned.
The adder poisons you! The adder bites you but does no damage.
You hit the adder.
The adder is moderately wounded.
You feel very sick. The adder barely misses you.
You barely miss the adder.
The adder is moderately wounded.
You feel sick. The adder closely misses you. x2
You closely miss the adder.
The adder is moderately wounded.
You feel sick. The adder closely misses you. The adder completely misses you.
You barely miss the adder.
The adder is moderately wounded.
You feel sick. The adder closely misses you.
You closely miss the adder.
The adder is moderately wounded.
You feel sick.
You are no longer poisoned.
The adder bites you.
* * * LOW HITPOINT WARNING * * *
The adder bites you.
* * * LOW HITPOINT WARNING * * *
You are poisoned.
The adder poisons you!
You feel very mighty all of a sudden.
You feel sick. The adder bites you.
* * * LOW HITPOINT WARNING * * *
You miss the adder.
The adder is moderately wounded.
* * * LOW HITPOINT WARNING * * *
You feel sick. The adder bites you.
You die...
Your body disappears without a glow.

#.. #
####.#
###
#....#
#.####
#†#
#.#
#.#
#.###
#...#
###@#
#S#
#:#
#.#
#.#
#.#
..#
###


You could see an adder.

Vanquished Creatures
  A worm (D:2)
  2 dart slugs (D:2)
  A bat (D:1)
  An endoplasm (D:2)
  4 goblins
  5 hobgoblins
  3 quokkas
  3 ball pythons (D:1)
  2 frilled lizards
  2 kobolds
  A rat (D:1)
25 creatures vanquished.

Vanquished Creatures (others)
  A plant (D:1)
1 creature vanquished.

Grand Total: 26 creatures vanquished

Notes
Turn   | Place    | Note
-------+----------+-------------------------------------------
     0 | D:1      | KennySheep the Ogre Gladiator began the quest for the Orb.
     0 | D:1      | Reached XP level 1. HP: 22/22 MP: 1/1
    89 | D:1      | Reached XP level 2. HP: 8/29 MP: 2/2
   278 | D:1      | Found a faded altar of an unknown god.
   302 | D:1      | Prayed at the altar of an unknown god.
   302 | D:1      | Became a worshipper of Nemelex Xobeh the Trickster
   302 | D:1      | Reached * piety under Nemelex Xobeh
   367 | D:1      | Received a gift from Nemelex Xobeh
   682 | D:2      | Reached ** piety under Nemelex Xobeh
   736 | D:2      | Reached XP level 3. HP: 36/37 MP: 3/3
   875 | D:2      | Slain by an adder

Illustrated notes

Levels and vault maps discovered:
D:1:      evilmike_arrival_crescent, layout_rooms,
          hellmonk_ecumenical_altar_zigzags, serial_bayou_lagoon_b
D:2:      layout_loops_cross, minmay_misc_feat_plants,
          kennysheep_generic_room_12

Skill      XL: |  1  2 |
---------------+-------+-----
Maces & Flails | 3 |  3.2
Fighting       | 3 |  3.0
Throwing       | |  2.5
Dodging        | |  2.9
Invocations    | |  0.5

Action                   || total
-------------------------++-------
Melee: Flail             ||    89
  Use: Potion            ||     4
       Scroll            ||     3
Armor: Robe              ||    27
Dodge: Dodged            ||    48

Table legend: (Time is in decaauts)
 A = Elapsed time spent in this place.
 B = Non-inter-level travel time spent in this place.
 C = Inter-level travel time spent in this place.
 D = Time resting spent in this place.
 E = Time spent auto-exploring this place.
 F = Levels seen in this place.
 G = Mean time per level.
                   A        B        C        D        E       F      G
               +--------+--------+--------+--------+--------+-----+--------+
         Total |    902 |    878 |     24 |     85 |    520 |   2 |  451.0 |
       Dungeon |    902 |    878 |     24 |     85 |    520 |   2 |  451.0 |
               +--------+--------+--------+--------+--------+-----+--------+

Top non-repeatable levels by time:
     D:1: 700 daAuts
     D:2: 201 daAuts
